 Dungeon Crawl Stone Soup version 0.29.1-15-g9cfb28693d (webtiles) character file.

Game seed: 1811140838582909214

52237 coffeetime the Grappler (level 14, -5/133 HPs)
             Began as a Troll Warper on July 2, 2023.
             Was the Champion of Nemelex Xobeh.
             Slain by a bunyip (23 damage)
             ... on level 1 of the Swamp.
             The game lasted 01:33:53 (17274 turns).

coffeetime the Grappler (Troll Warper)             Turns: 17274, Time: 01:33:56

Health: -5/133     AC:  9    Str: 26    XL:     14   Next: 26%
Magic:  19/19      EV: 13    Int:  9    God:    Nemelex Xobeh [******]
Gold:   702        SH: 16    Dex: 15    Spells: 14/16 levels left

rFire   . . .      SeeInvis .     - Unarmed
rCold   + . .      Faith    .   I - +0 kite shield
rNeg    . . .      Spirit   .   Q - +1 troll leather armour
rPois   +          Reflect  +   (helmet restricted)
rElec   .          Harm     .   P - +0 cloak
rCorr   .          Rampage  .   (gloves unavailable)
Will    +++..                   (boots unavailable)
Stlth   ..........              W - amulet of Giuhitun {Reflect Will+ Regen+ SH+5}
HPRegen 2.72/turn               X - ring of Elyvilon's Pride {rPois rC+ Will+ Stlth-}
MPRegen 0.16/turn               S - +6 ring of dexterity

@: no status effects
A: large, unfitting armour, claws 3, regeneration 1, shaggy fur 1, tough skin 1
a: Renounce Religion, Draw Escape, Draw Destruction, Draw Summoning, Triple
Draw, Deal Four, Stack Five


You were on level 1 of the Swamp.
You worshipped Nemelex Xobeh.
Nemelex Xobeh was exalted by your worship.
You visited 6 branches of the dungeon, and saw 20 of its levels.

You collected 2331 gold pieces.
You spent 1629 gold pieces at shops.

Inventory:

Hand Weapons
 J - the +6 sling of Traps {freeze, +Blink rElec Str+8 Int-4}
   (You found it on level 6 of the Dungeon)

   Any ammunition fired from it freezes those it strikes, dealing additional
   cold damage.
   It can also slow down cold-blooded creatures.
   Str:       It affects your strength (+8).
   Int:       It affects your intelligence (-4).
   rElec:     It insulates you from electricity.
   +Blink:    It lets you blink.
Missiles
 c - 5 boomerangs of dispersal
 y - 30 poisoned darts
 D - 5 throwing nets
 L - 2 boomerangs
 O - 3 large rocks (quivered)
Armour
 A - an orb of mayhem
 I - a +0 kite shield (worn)
 P - a +0 cloak (worn)
 Q - a +1 troll leather armour (worn)
Jewellery
 g - a ring of fire
 o - a ring of see invisible
 r - a ring of positive energy
 u - a +4 ring of evasion
 S - a +6 ring of dexterity (right claw)
 W - the amulet of Giuhitun (around neck) {Reflect Will+ Regen+ SH+5}
   (You bought it in a shop on level 2 of the Orcish Mines)

   [amulet of reflection]

   It reflects blocked missile attacks.
   Regen:     It increases your rate of health regeneration.
   SH:        It affects your SH (+5).
   Will:      It increases your willpower.
 X - the ring of Elyvilon's Pride (left claw) {rPois rC+ Will+ Stlth-}
   (You bought it in a shop on level 2 of the Orcish Mines)

   [ring of willpower]

   rC:        It protects you from cold.
   rPois:     It protects you from poison.
   Will:      It increases your willpower.
   Stlth:     It makes you less stealthy.
Wands
 j - a wand of digging (5)
 k - a wand of light (4)
 x - a wand of iceblast (23)
 K - a wand of flame (21)
 Y - a wand of paralysis (13)
Scrolls
 a - 5 scrolls of summoning
 b - 5 scrolls of blinking
 e - 3 scrolls of enchant armour
 h - 3 scrolls of brand weapon
 i - 4 scrolls of butterflies
 p - 3 scrolls of immolation
 q - 2 scrolls of torment
 v - 3 scrolls of magic mapping
 w - 3 scrolls of poison {unknown}
 z - a scroll of vulnerability
 B - 2 scrolls of fear
 C - 5 scrolls of teleportation
 T - a scroll of silence {unknown}
 V - a scroll of amnesia {unknown}
Potions
 d - 5 potions of attraction
 l - 9 potions of lignification
 m - 5 potions of flight
 n - 2 potions of ambrosia
 s - a potion of magic
 t - 8 potions of curing {unknown}
 E - a potion of resistance
 F - a potion of mutation
 G - a potion of might {unknown}
 H - 2 potions of brilliance {unknown}
 M - a potion of haste {unknown}
 N - 2 potions of cancellation {unknown}
 R - 5 potions of heal wounds
 U - 2 potions of berserk rage {unknown}
Miscellaneous
 f - a tin of tremorstones (2/2)


   Skills:
 * Level 7.5 Fighting
 - Level 2.1 Throwing
 - Level 5.1 Armour
 + Level 9.8 Dodging
 + Level 11.2 Shields
 - Level 12.2 Unarmed Combat
 - Level 1.5 Spellcasting
 - Level 5.0 Translocations
 + Level 8.0 Invocations


You had 14 spell levels left.
You knew the following spells:

 Your Spells              Type           Power      Damage    Failure   Level
a - Blink                 Tloc           18%        N/A       13%         2

Your spell library contained the following spells:

 Spells                   Type           Power      Damage    Failure   Level
 Apportation              Tloc           18%        N/A       9%          1
 Gell's Gravitas          Tloc           9%         N/A       26%         3
 Lesser Beckoning         Tloc           9%         N/A       26%         3
 Teleport Other           Tloc           9%         N/A       26%         3
 Foxfire                  Conj/Fire      0%         2x1d4     56%         1
 Necrotise                Necr           0%         1d4       56%         1
 Summon Small Mammal      Summ           0%         N/A       56%         1
 Poisonous Vapours        Pois/Air       0%         N/A       71%         2
 Static Discharge         Conj/Air       0%         3-3/arc   71%         2
 Conjure Flame            Conj/Fire      0%         6-21      91%         3
 Dazzling Flash           Conj/Hex       0%         N/A       91%         3
 Ignite Poison            Fire/Tmut/Pois 0%         N/A       91%         3
 Ozocubu's Armour         Ice            0%         N/A       91%         3
 Iskenderun's Mystic Bla  Conj/Tloc      5%         2d3       94%         4
 Manifold Assault         Tloc           9%         N/A       94%         5
 Corpse Rot               Necr/Pois/Air  0%         N/A       100%        4
 Sticky Flame             Conj/Fire      0%         2d3       100%        4
 Lightning Bolt           Conj/Air       0%         1d11      100%        5
 Metabolic Englaciation   Hex/Ice        0%         N/A       100%        5
 Simulacrum               Ice/Necr       0%         N/A       100%        6
 Starburst                Conj/Fire      0%         6d3       100%        6
 Lehudib's Crystal Spear  Conj/Erth      0%         10d2      100%        8
 Maxwell's Capacitive Co  Air            0%         ∞         100%        8


Dungeon Overview and Level Annotations

Branches:
Dungeon (10/15)            Temple (1/1) D:7            Lair (5/5) D:10
  Swamp (1/4) Lair:2        Snake (0/4) Lair:2        Slime (0/5) Lair:5
    Orc (2/2) D:9             Elf (1/3) Orc:2

Altars:
Ashenzari
Cheibriados
Dithmenos
Elyvilon
Fedhas
Gozag
Hepliaklqana
Kikubaaqudgha
Makhleb
Nemelex Xobeh
Okawaru
Qazlal
Ru
Sif Muna
Trog
Uskayaw
Vehumet
Wu Jian
Xom
Yredelemnul
Zin
The Shining One
Jiyva

Shops:
D:8 ?   Orc:2 (*!=

Annotations:
D:9 3 runed translucent doors, exclusion: obsidian statue, ananimalfarmdonkey's ghost, novice HOBe
Lair:5 2 runed translucent doors, NateTC's ghost, journeyman TrFi


Innate Abilities, Weirdness & Mutations

You are too large for most types of armour.
You have claws for hands.
Your natural rate of healing is unusually fast.
You are covered in fur. (AC +1)
You have tough skin. (AC +1)


Message History

You have drawn the Orb.
Press: ? - help, Shift-Dir - straight line, f - eight-headed hydra
Aim: an eight-headed hydra (heavily wounded) Throw: 4 large rocks
Press: ? - help, Q - select action, (/) - cycle Shift-Dir - straight line, f/p - eight-headed hydra
Aim: an eight-headed hydra (heavily wounded, ally target, 80% to hit)
You throw a large rock.
The large rock completely misses the eight-headed hydra.
The orb of destruction hits the eight-headed hydra!!!
You blow up the eight-headed hydra!
The bunyip claws you! You block the bunyip's attack. The bunyip claws you!!
You completely miss the bunyip. You scratch the bunyip.
The bunyip is lightly wounded.
You scratch the bunyip.
The bunyip is lightly wounded.
The bunyip claws you!! x2
* * * LOW HITPOINT WARNING * * *
You block the bunyip's attack.
A swamp dragon comes into view.
You mangle the bunyip!!
The bunyip is moderately wounded.
A spriggan druid comes into view.
It is wielding a +0 quarterstaff and wearing a +2 robe of the Archmagi.
You claw the bunyip!
The bunyip is heavily wounded.
The spriggan druid calls out to the beasts of the wild!
A swamp worm comes into view.
You mangle the bunyip!!
The bunyip is severely wounded.
A swamp dragon comes into view.
The bunyip howls a warning cry!
You hear a roar!
You hear a shout!
You hear a roar!
You hear a deafening roar!
You scratch the bunyip but do no damage.
The bunyip is severely wounded.
A bunyip comes into view.
The bunyip claws you!!
* * * LOW HITPOINT WARNING * * *
You block the bunyip's attack. The bunyip claws you!!
You die...
Your body glows with a rainbow of weird colours and disappears.

.~D>.~~~~~~ .
♣§~...§~~§.
x.♣♣♣..~....~..
~§.~♣.~~~...♣~.
~~....~~~§....≈
~~~~~.§~~...≈≈≈
.~~~....)..≈≈≈≈
.......@.~.≈≈≈≈
♣♣...~x..§.≈≈≈≈
......~~~..≈≈≈≈
~~.~...~~~.≈≈≈≈
..~~~.......≈≈≈
~~~~~~...~~..≈≈
.i.~~w.(♣♣♣♣..≈
~.~~~..♣♣ ♣♣.


You could see 2 bunyips, a swamp dragon, a spriggan druid and a swamp worm.

Vanquished Creatures
  Louise (Swamp:1)
  A fire dragon (Lair:5)
  Fannar (Lair:2)
  Harold (Lair:1)
  4 hydras
  A boulder beetle (Lair:1)
  4 ogre magi (Orc:2)
  6 two-headed ogres (Orc:2)
  An orc knight (Orc:1)
  A lindwurm (Lair:5)
  An orc sorcerer (Orc:1)
  3 black mambas
  8 elephants (Lair:4)
  A guardian serpent (Lair:1)
  Joseph (Lair:1)
  10 cane toads
  4 torpor snails (Lair:5)
  4 rime drakes
  11 komodo dragons
  2 polar bears
  5 trolls
  3 hornets (Lair:5)
  3 tyrant leeches (Lair:5)
  10 blink frogs
  A shadow (D:10)
  2 wyverns
  33 yaks
  5 fire elementals
  2 basilisks
  2 steam dragons
  A naga (Lair:2)
  16 water moccasins
  3 hell hounds
  2 ice beasts
  3 black bears
  6 orc warriors
  A sky beast (D:8)
  30 ogres
  7 wolves
  3 centaurs
  A phantom (D:5)
  3 kobold brigands
  8 bullfrogs
  3 scorpions
  3 gnoll sergeants
  7 wights
  13 killer bees (D:9)
  An electric eel (Lair:4)
  A vampire bat (Lair:2)
  2 howler monkeys
  2 hounds
  8 orc priests
  3 jellies
  2 iguanas
  Natasha (thrice) (D:4)
  10 orc wizards
  8 hell rats
  Ijyb (D:4)
  19 gnolls
  12 adders
  8 river rats (Lair:1)
  A shadow imp (D:6)
  A white imp (D:7)
  An ufetubus (D:7)
  2 worms
  3 dart slugs
  28 orcs
  3 endoplasms
  2 giant cockroaches
  4 goblins
  5 hobgoblins
  4 quokkas
  9 ball pythons
  11 bats
  A frilled lizard (D:3)
  23 kobolds
  11 rats
  A bush (Lair:4)
432 creatures vanquished.

Vanquished Creatures (collateral kills)
  Azrael (Orc:2)
  Erolcha (Orc:2)
  A catoblepas (D:10)
  4 two-headed ogres
  A cyclops (D:9)
  A torpor snail (Lair:5)
  The ghost of Twinkles the Conjurer, a novice VSCj of Jiyva (D:5)
  A tyrant leech (Lair:5)
  5 hornets (Lair:5)
  A steam dragon (D:10)
  3 ogres (Orc:2)
  2 centaurs
  A bullfrog (D:10)
  A wight (D:10)
  An orc priest (Orc:2)
  An iguana (D:5)
  2 adders (D:5)
  A dart slug (D:5)
  3 orcs (Orc:2)
  A hobgoblin (D:2)
33 creatures vanquished.

Vanquished Creatures (others)
  A two-headed ogre (Orc:2)
  A bloated husk (Swamp:1)
  16 fungi
  93 plants
111 creatures vanquished.

Grand Total: 576 creatures vanquished

Notes
Turn   | Place    | Note
-------+----------+-------------------------------------------
     0 | D:1      | coffeetime the Troll Warper began the quest for the Orb.
     0 | D:1      | Reached XP level 1. HP: 19/19 MP: 1/1
    46 | D:1      | Found a faded altar of an unknown god.
    62 | D:1      | Prayed at the altar of an unknown god.
    62 | D:1      | Became a worshipper of Nemelex Xobeh the Trickster
    62 | D:1      | Reached * piety under Nemelex Xobeh
   146 | D:1      | Received a gift from Nemelex Xobeh
   174 | D:1      | Reached XP level 2. HP: 28/28 MP: 2/2
   600 | D:1      | Reached ** piety under Nemelex Xobeh
  1038 | D:2      | Reached XP level 3. HP: 33/35 MP: 4/4
  1041 | D:2      | Learned a level 2 spell: Blink
  1063 | D:2      | Reached skill level 3 in Unarmed Combat
  1307 | D:2      | Received a gift from Nemelex Xobeh
  2052 | D:3      | Reached *** piety under Nemelex Xobeh
  2107 | D:3      | Found a hazy altar of Hepliaklqana.
  2114 | D:3      | Reached XP level 4. HP: 42/42 MP: 5/5
  2329 | D:3      | Found a shimmering blue altar of Sif Muna.
  2425 | D:3      | Received a gift from Nemelex Xobeh
  2465 | D:3      | Found an ancient bone altar of Kikubaaqudgha.
  2717 | D:4      | Noticed a centaur
  2725 | D:4      | Killed a centaur
  2726 | D:4      | Reached skill level 1 in Throwing
  2726 | D:4      | Reached skill level 4 in Unarmed Combat
  2726 | D:4      | Reached skill level 1 in Invocations
  2726 | D:4      | Reached XP level 5. HP: 34/49 MP: 6/6
  3014 | D:4      | Noticed Natasha
  3024 | D:4      | Killed Natasha
  3025 | D:4      | Reached XP level 6. HP: 48/57 MP: 7/7
  3224 | D:4      | Noticed Natasha
  3224 | D:4      | Noticed Ijyb
  3231 | D:4      | Killed Natasha
  3232 | D:4      | Reached skill level 5 in Unarmed Combat
  3239 | D:4      | Killed Ijyb
  3406 | D:4      | Received a gift from Nemelex Xobeh
  3441 | D:4      | Noticed Natasha
  3452 | D:4      | Killed Natasha
  3554 | D:5      | Entered Level 5 of the Dungeon
  3578 | D:5      | Reached XP level 7. HP: 65/65 MP: 8/8
  3626 | D:5      | Found a burning altar of Makhleb.
  3626 | D:5      | Noticed a cacodemon
  3630 | D:5      | Noticed a neqoxec
  3630 | D:5      | Noticed an orange demon
  3707 | D:5      | Noticed a yak
  3707 | D:5      | Noticed a yak
  3707 | D:5      | Noticed a yak
  3723 | D:5      | Reached **** piety under Nemelex Xobeh
  3880 | D:5      | Got the Spellbook of the Salvo
  3889 | D:5      | Found a runed translucent door.
  3893 | D:5      | Noticed Twinkles's ghost (novice VSCj)
  3902 | D:5      | Killed Twinkles's ghost
  3903 | D:5      | Reached skill level 6 in Unarmed Combat
  4030 | D:6      | Found a sparkling altar of Nemelex Xobeh.
  4140 | D:6      | Reached XP level 8. HP: 74/74 MP: 9/9
  4149 | D:6      | Reached skill level 7 in Unarmed Combat
  4295 | D:6      | Received a gift from Nemelex Xobeh
  4412 | D:6      | Found an iron altar of Okawaru.
  5119 | D:6      | Identified the +6 sling of Traps {freeze, +Blink rElec
                  | Str+8 Int-4}
  5453 | D:7      | Received a gift from Nemelex Xobeh
  5495 | D:7      | Reached skill level 8 in Unarmed Combat
  5559 | D:7      | Found a shadowy altar of Dithmenos.
  5603 | D:7      | Reached XP level 9. HP: 76/80 MP: 11/11
  5693 | D:7      | Received a gift from Nemelex Xobeh
  5808 | D:7      | Found a basalt altar of Yredelemnul.
  5820 | D:7      | Found a stormy altar of Qazlal.
  6128 | D:7      | Reached ***** piety under Nemelex Xobeh
  6213 | D:7      | Found a staircase to the Ecumenical Temple.
  6226 | Temple   | Entered the Ecumenical Temple
  6429 | D:8      | Reached skill level 9 in Unarmed Combat
  6548 | D:7      | Reached skill level 1 in Shields
  6617 | D:8      | Received a gift from Nemelex Xobeh
  6657 | D:7      | Reached skill level 5 in Dodging
  6850 | D:8      | Reached skill level 5 in Invocations
  7133 | D:8      | Found Emobeoh's Magic Scroll Shoppe.
  7136 | D:8      | Bought 3 scrolls of summoning for 285 gold pieces
  7136 | D:8      | Bought a scroll of identify for 20 gold pieces
  7136 | D:8      | Bought a scroll of teleportation for 30 gold pieces
  7327 | D:6      | Reached skill level 10 in Unarmed Combat
  7327 | D:6      | Reached XP level 10. HP: 34/91 MP: 12/12
  7740 | D:9      | Found a white marble altar of Elyvilon.
  7759 | D:9      | Found a runed translucent gate.
  7759 | D:9      | Found a runed translucent gate.
  7759 | D:9      | Found a runed translucent gate.
  7786 | D:9      | Noticed an 11-headed hydra
  7786 | D:9      | Noticed ananimalfarmdonkey's ghost (novice HOBe)
  7787 | D:9      | Noticed an 11-headed hydra
  7807 | D:9      | Found a hide-covered altar of Uskayaw.
  8027 | D:9      | Noticed a cyclops
  8074 | D:9      | Identified the +12 falchion "Beetlebane" {freeze, rCorr}
  8096 | D:9      | Noticed an obsidian statue
  8219 | D:9      | Found a staircase to the Orcish Mines.
  8392 | D:9      | Killed a cyclops
  8393 | D:9      | Reached skill level 11 in Unarmed Combat
  8862 | D:9      | Reached skill level 5 in Shields
  9155 | D:10     | Entered Level 10 of the Dungeon
  9171 | D:10     | Noticed a catoblepas
  9187 | D:10     | Killed a catoblepas
  9195 | D:10     | Received a gift from Nemelex Xobeh
  9285 | D:10     | Noticed a two-headed ogre
  9290 | D:10     | Killed a two-headed ogre
  9291 | D:10     | Reached XP level 11. HP: 99/100 MP: 13/13
  9291 | D:10     | Found a bloodstained altar of Trog.
  9430 | D:10     | Found a staircase to the Lair.
  9667 | D:10     | Found an ornate altar of the Wu Jian Council.
  9704 | Lair:1   | Entered Level 1 of the Lair of Beasts
  9732 | Lair:1   | Noticed a boulder beetle
  9752 | Lair:1   | Killed a boulder beetle
  9913 | Lair:1   | Reached skill level 12 in Unarmed Combat
  9961 | Lair:1   | Received a gift from Nemelex Xobeh
 10064 | Lair:1   | Noticed Harold
 10142 | Orc:1    | Entered Level 1 of the Orcish Mines
 10142 | Orc:1    | Noticed an orc sorcerer
 10440 | Orc:1    | Killed an orc sorcerer
 10604 | Orc:2    | Entered Level 2 of the Orcish Mines
 10622 | Orc:2    | Reached skill level 1 in Armour
 10649 | Orc:2    | Noticed an orc knight
 10721 | Orc:1    | Killed an orc knight
 10891 | Orc:2    | Noticed Erolcha
 10898 | Orc:2    | Killed Erolcha
 10900 | Orc:2    | Found a staircase to the Elven Halls.
 11103 | Orc:2    | Noticed a two-headed ogre
 11127 | Orc:2    | Killed a two-headed ogre
 11151 | Orc:2    | Noticed an ogre mage
 11169 | Orc:2    | Killed an ogre mage
 11170 | Orc:2    | Noticed an ogre mage
 11190 | Orc:2    | Killed an ogre mage
 11236 | Orc:2    | Noticed a two-headed ogre
 11244 | Orc:2    | Killed a two-headed ogre
 11245 | Orc:2    | Reached XP level 12. HP: 107/107 MP: 14/14
 11294 | Orc:2    | Noticed an ogre mage
 11296 | Orc:2    | Killed an ogre mage
 11297 | Orc:2    | Reached skill level 5 in Armour
 11309 | Orc:2    | Noticed a two-headed ogre
 11315 | Orc:2    | Noticed a two-headed ogre
 11334 | Orc:2    | Killed a two-headed ogre
 11338 | Orc:2    | Killed a two-headed ogre
 11339 | Orc:2    | Reached skill level 5 in Translocations
 11357 | Orc:2    | Killed a two-headed ogre
 11379 | Orc:2    | Noticed a two-headed ogre
 11397 | Orc:2    | Killed a two-headed ogre
 11449 | Orc:2    | Noticed an ogre mage
 11468 | Orc:2    | Killed an ogre mage
 11498 | Orc:2    | Reached skill level 5 in Fighting
 11543 | Orc:2    | Noticed Azrael
 11638 | Orc:2    | Killed Azrael
 11663 | Orc:2    | Noticed a two-headed ogre
 11664 | Orc:2    | Noticed a two-headed ogre
 11665 | Orc:2    | Noticed a two-headed ogre
 11669 | Orc:2    | Killed a two-headed ogre
 11672 | Orc:2    | Killed a two-headed ogre
 11672 | Orc:2    | Killed a two-headed ogre
 11675 | Orc:2    | Found Gablire's Weapon Boutique.
 11675 | Orc:2    | Found Yduuresi's Distillery.
 11677 | Orc:2    | Found Cek Otzaw's Assorted Antiques.
 11677 | Orc:2    | Found Uppuphuw's Jewellery Shop.
 11680 | Orc:2    | Noticed a two-headed ogre
 11681 | Orc:2    | Killed a two-headed ogre
 11685 | Orc:2    | Reached ****** piety under Nemelex Xobeh
 11701 | Orc:2    | Bought a scroll labelled WOYHA ATYELUHY for 28 gold pieces
 11704 | Orc:2    | Bought the amulet of Giuhitun {Reflect Will+ Regen+ SH+5}
                  | for 639 gold pieces
 11704 | Orc:2    | Bought the ring of Elyvilon's Pride {rPois rC+ Will+
                  | Stlth-} for 627 gold pieces
 12116 | Elf:1    | Entered Level 1 of the Elven Halls
 12272 | Lair:1   | Noticed Joseph
 12306 | Lair:1   | Killed Harold
 12314 | Lair:1   | Killed Joseph
 12317 | Lair:1   | Reached XP level 13. HP: 115/120 MP: 17/17
 12426 | Lair:1   | Received a gift from Nemelex Xobeh
 13155 | Lair:2   | Received a gift from Nemelex Xobeh
 13169 | Lair:2   | Found a staircase to the Swamp.
 13190 | Lair:2   | Noticed Fannar
 13203 | Lair:2   | Killed Fannar
 13624 | Lair:2   | Found a staircase to the Snake Pit.
 14031 | Lair:3   | Received a gift from Nemelex Xobeh
 14421 | Lair:3   | Received a gift from Nemelex Xobeh
 14956 | Lair:4   | Received a gift from Nemelex Xobeh
 15310 | Lair:4   | Reached skill level 10 in Shields
 15910 | Lair:5   | Entered Level 5 of the Lair of Beasts
 15913 | Lair:5   | Received a gift from Nemelex Xobeh
 16031 | Lair:5   | Found a runed translucent door.
 16032 | Lair:5   | Noticed a fire dragon
 16073 | Lair:5   | Killed a fire dragon
 16266 | Lair:5   | Reached XP level 14. HP: 133/133 MP: 19/19
 16623 | Lair:5   | Found a runed translucent door.
 16627 | Lair:5   | Received a gift from Nemelex Xobeh
 16628 | Lair:5   | Noticed NateTC's ghost (journeyman TrFi)
 16859 | Lair:5   | Found a runed translucent door.
 16859 | Lair:5   | Found a viscous altar of Jiyva.
 16860 | Lair:5   | Found a staircase to the Slime Pits.
 16860 | Lair:5   | Noticed an azure jelly
 16860 | Lair:5   | Noticed an azure jelly
 17219 | Swamp:1  | Entered Level 1 of the Swamp
 17219 | Swamp:1  | Noticed Louise
 17264 | Swamp:1  | Killed Louise
 17274 | Swamp:1  | Slain by a bunyip

Illustrated notes

Levels and vault maps discovered:
D:1:      scummos_arrival_checkerplants, layout_basic,
          ebering_ecumenical_altar_sacrificial, minmay_3d_cube
D:2:      layout_basic, serial_bayou, serial_bayou_shore_b, serial_bayou_pond_c,
          serial_bayou_lake_a, serial_bayou_pond_b
D:3:      layout_basic, lemuel_crystal_altar,
          mainiacjoe_overflow_six_doors_small,
          mainiacjoe_overflow_cross_hatched, kennysheep_potato
D:4:      layout_loops_corners, uniq_ijyb, uniq_natasha
D:5:      layout_basic, makhleb_altar_promises_db, ebering_ghost_sewer_d
D:6:      layout_basic, okawaru_metal_pillars_1_2, mainiacjoe_overflow_catwalk
D:7:      layout_loops_ring, nicolae_dithmenos_shadow_blocks,
          jmf_multi_god_temple, temple_hall
D:8:      layout_cave_pools, serial_shops, kennysheep_mini
D:9:      mumra_celtic_spiral_tile, layout_irregular_city,
          mainiacjoe_overflow_boulevard, elyvilon_altar_3, orc_0_dummy,
          gammafunk_ghost_hydra_chop, minmay_protected_statue
D:10:     layout_rooms, mainiacjoe_overflow_concentric_impassable,
          kennysheep_mini_moat, grunt_lair_entry_orc_guard_hut
Temple:   chequers_temple_sunken
Lair:1:   layout_cave_shapes, kennysheep_rathole, grunt_megastairs_1,
          uniq_harold, uniq_joseph
Lair:2:   layout_cave_pods, swamp_mist, guppyfry_snake_entry_island,
          roderic_batcave, uniq_fannar
Lair:3:   layout_concentric_octagons, lemuel_fruit_tree, grunt_megastairs_4,
          infiniplex_staircase_pool_2
Lair:4:   layout_cave_pods, nicolae_lair_grazing_beasts
          [nicolae_sub_lair_graze_edge, nicolae_sub_lair_graze_edge,
          nicolae_sub_lair_graze_edge, nicolae_sub_lair_graze_edge],
          grunt_megastairs_3
Lair:5:   wormcave, layout_loops_ring, slime_entry_2,
          ebering_ghost_reflecting_pool, wad_woods_road_02
Swamp:1:  layout_basic_swamp, gammafunk_ghost_cemetery, nicolae_swamp_bean_lake,
          swamp_pool2, st_swamp_mini, infiniplex_staircase_pool, uniq_louise
Orc:1:    layout_diamond_mine
Orc:2:    st_orc_ogre_mass, layout_diamond_mine, uniq_erolcha, uniq_azrael
Elf:1:    eino_elf_arrival_sip, layout_rooms, serial_shops,
          nicolae_shop_crystal, shop, nicolae_diamond_shop, shop,
          nicolae_diamond_shop, minivault_28, dreamdust_wishing_well,
          st_stairs_12

Skill      XL: |  1  2  3  4  5  6  7  8  9 10 11 12 13 14 |
---------------+-------------------------------------------+-----
Dodging        | 2 3 4 5 6 7 8 9 |  9.8
Unarmed Combat | 3 4 5 6 8 10 11 12 | 12.2
Fighting       | 2 3 4 5 7 |  7.5
Throwing       | 1 2 |  2.1
Invocations    | 1 2 3 4 5 6 8 |  8.0
Shields        | 3 5 7 8 10 11 | 11.2
Armour         | 4 5 |  5.1
Translocations | 4 5 |  5.0
Spellcasting   | |  1.5

Action                   |  1- 3 |  4- 6 |  7- 9 | 10-12 | 13-15 || total
-------------------------+-------+-------+-------+-------+-------++-------
Melee: Unarmed           |    94 |    61 |   311 |   552 |   549 ||  1567
       Punch             |       |     1 |     4 |       |       ||     5
Throw: Stone             |     8 |     1 |     4 |    12 |     1 ||    26
       Dart              |       |     2 |       |       |    11 ||    13
       Boomerang         |       |     1 |     1 |       |       ||     2
       Large rock        |       |       |       |       |    12 ||    12
 Cast: Blink             |       |       |       |     3 |     1 ||     4
Invok: Draw Summoning    |     1 |     2 |     2 |     5 |     3 ||    13
       Draw Destruction  |     1 |     4 |     3 |    15 |    16 ||    39
       Draw Escape       |       |       |       |     1 |       ||     1
  Use: Scroll            |     4 |       |     6 |     2 |     8 ||    20
 Stab: Sleeping          |     2 |     1 |       |       |       ||     3
Armor: Robe              |    29 |    19 |    31 |       |       ||    79
       Steam dragon scal |       |       |    31 |    51 |       ||    82
       Troll leather arm |       |       |       |    35 |    82 ||   117
Dodge: Dodged            |    49 |    27 |   233 |   321 |   154 ||   784
Block: Kite shield       |       |       |    78 |   288 |   366 ||   732
       Reflection        |       |       |       |     1 |     1 ||     2
